 Dungeon Crawl Stone Soup version 0.30-a0-718-geaa24f58ff (webtiles) character file.

Game seed: 7633923542585405960

65 pokeman the Magician (level 3, 0/20 HPs)
             Began as a Deep Elf Hedge Wizard on Jan 25, 2023.
             Slain by Terence
             ... wielding the +5 short sword of Niurorui {freeze, Int+3}
              (2 damage)
             ... on level 2 of the Dungeon.
             The game lasted 00:05:12 (3101 turns).

pokeman the Magician (Deep Elf Hedge Wizard)        Turns: 3101, Time: 00:05:12

Health: 0/20       AC:  3    Str: 13    XL:     3   Next: 92%
Magic:  5/11       EV: 12    Int: 20    God:
Gold:   77         SH:  0    Dex: 14    Spells: 4/12 levels left

rFire   . . .      SeeInvis .    p - +4 hand axe "Heoc" {pain, rCorr Str+6}
rCold   . . .      Faith    .    (no shield)
rNeg    . . .      Spirit   .    b - +0 robe
rPois   .          Reflect  .    k - +0 helmet
rElec   .          Harm     .    (no cloak)
rCorr   +          Rampage  .    (no gloves)
Will    .....                    (no boots)
Stlth   ++                       (no amulet)
HPRegen 0.23/turn                (no ring)
MPRegen 0.12/turn                (no ring)

@: very slightly contaminated
A: no striking features
a: no special abilities


You were on level 2 of the Dungeon.
You visited 1 branch of the dungeon, and saw 2 of its levels.

You collected 77 gold pieces.

Inventory:

Hand Weapons
 p - the +4 hand axe "Heoc" (weapon) {pain, rCorr Str+6}
   (You found it on level 2 of the Dungeon)

   Str:       It affects your strength (+6).
   rCorr:     It protects you from acid and corrosion.
Armour
 b - a +0 robe (worn)
 k - a +0 helmet (worn)
Jewellery
 g - an amulet of guardian spirit
Wands
 s - a wand of roots (9)
Scrolls
 c - a scroll of fog {unknown}
 e - 4 scrolls of teleportation {unknown}
 h - 2 scrolls of identify {unknown}
 l - a scroll of amnesia {unknown}
 m - a scroll of blinking {unknown}
 o - a scroll of immolation {unknown}
 q - a scroll of noise {unknown}
Potions
 a - a potion of attraction {unknown}
 d - a potion of magic
 f - a potion of might {unknown}
 i - a potion of mutation {unknown}
 j - a potion of degeneration {unknown}
 n - a potion of brilliance {unknown}
 r - a potion of lignification {unknown}


   Skills:
 - Level 1.0 Fighting
 - Level 1.0 Armour
 + Level 2.6 Dodging
 + Level 2.5 Stealth
 * Level 5.4 Spellcasting
 + Level 2.0 Conjurations
 - Level 1.1 Summonings
 - Level 1.1 Translocations


You had 4 spell levels left.
You knew the following spells:

 Your Spells              Type           Power      Damage    Failure   Level
a - Magic Dart            Conj           52%        1d5       4%          1
b - Mephitic Cloud        Conj/Pois/Air  8%         N/A       26%         3
c - Call Imp              Summ           9%         N/A       11%         2
d - Blink                 Tloc           18%        N/A       11%         2

Your spell library contained the following spells:

 Spells                   Type           Power      Damage    Failure   Level
 Slow                     Hex            20%        N/A       11%         1
 Cigotuvi's Dreadful Rot  Necr/Pois/Air  10%        N/A       17%         2


Dungeon Overview and Level Annotations

Branches:
Dungeon (2/15)

Altars:

Shops:
D:2 [

Annotations:
D:2 Terence


Message History

There is a stone staircase leading up here.
There is a stone staircase leading up here.
Casting: Mephitic Cloud (extremely dangerous; 26% risk of failure)
Confirm with . or Enter, or press ? or * to list all spells.
The spell is extremely dangerous to miscast (26% risk of failure)!
Continue anyway?
Aiming: Mephitic Cloud (extremely dangerous; 26% risk of failure)
Press: ? - help, Shift-Dir - straight line, f - Terence
Aim: Terence, wielding the +5 short sword of Niurorui {freeze, Int+3} and wearing a +0 chain mail (wandering, hasn't noticed you, chance to affect: 91%)
You miscast Mephitic Cloud.
You are very lightly contaminated with residual magic.
Nothing appears to happen.
Casting: Mephitic Cloud (extremely dangerous; 26% risk of failure)
Confirm with . or Enter, or press ? or * to list all spells.
The spell is extremely dangerous to miscast (26% risk of failure)!
Continue anyway?
Aiming: Mephitic Cloud (extremely dangerous; 26% risk of failure)
Press: ? - help, Shift-Dir - straight line, f/p - Terence
Aim: Terence, wielding the +5 short sword of Niurorui {freeze, Int+3} and wearing a +0 chain mail (chance to affect: 91%)
The ball explodes into a vile cloud!
The stinking cloud engulfs Terence but does no damage.
Terence is engulfed in noxious fumes.
Terence appears confused.
Aiming: Fastroot
Press: ? - help, Shift-Dir - straight line, f/p - Terence
Aim: Terence, wielding the +5 short sword of Niurorui {freeze, Int+3} and wearing a +0 chain mail (confused)
The roots erupt in riotous growth!
Roots grab Terence.
The grasping roots constrict Terence, but do no damage.
The grasping roots constrict Terence.
The roots release their grip on Terence.
Terence hits you with the +5 short sword of Niurorui {freeze, Int+3}.
Terence freezes you.
You hit Terence.
Terence is heavily wounded.
Terence hits you with the +5 short sword of Niurorui {freeze, Int+3}!
Terence freezes you.
You hit Terence.
Terence is severely wounded.
Terence hits you with the +5 short sword of Niurorui {freeze, Int+3}.
* * * LOW HITPOINT WARNING * * *
Terence freezes you.
You die...

#.# #####.##.#
#.# #.##.#### #.#
#.#......
#############.#
#...#####
#.............##
###.# #
#.##########.#.##
#.# # #.#
#..###.# #.# #
#.# #.#.#.#######
#.##### #.#####
#.##...@@..<#
#...... #.....#
#.#########.#
##.#### #####.#
#.# #.# #.# # #.#
#.# #.# #####.#
#.# #.# #.#
#.....# # #.#
#.#########.#
#.###.# ## #.#
#........##.# #.#
#.# #. #.#
########†##.# #.#
#.###. #.# #.##.#
#.# #.##..


You could see Terence (confused).

Vanquished Creatures
  An adder (D:2)
  2 worms (D:2)
  A dart slug (D:1)
  4 endoplasms (D:1)
  7 giant cockroaches
  3 goblins
  3 hobgoblins (D:1)
  9 jackals
  2 kobolds (D:1)
  A quokka (D:1)
  2 ball pythons (D:1)
  3 frilled lizards (D:1)
  3 rats
41 creatures vanquished.

Notes
Turn   | Place    | Note
-------+----------+-------------------------------------------
     0 | D:1      | pokeman the Deep Elf Hedge Wizard began the quest for the
                  | Orb.
     0 | D:1      | Reached XP level 1. HP: 10/10 MP: 7/7
   360 | D:1      | Reached XP level 2. HP: 15/15 MP: 5/9
   825 | D:1      | Reached skill level 5 in Spellcasting
   890 | D:1      | Reached XP level 3. HP: 19/20 MP: 2/11
   894 | D:1      | Learned a level 3 spell: Mephitic Cloud
   897 | D:1      | Learned a level 2 spell: Call Imp
   900 | D:1      | Learned a level 2 spell: Blink
  1547 | D:2      | Reached skill level 1 in Armour
  1705 | D:2      | Reached skill level 1 in Fighting
  1892 | D:2      | Identified the +4 hand axe "Heoc" {pain, rCorr Str+6}
  1964 | D:2      | Noticed Terence
  2153 | D:2      | Identified the +5 short sword of Niurorui {freeze, Int+3}
  2168 | D:2      | HP: 1/20 [Terence/the +5 short sword of Niurorui {freeze,
                  | Int+3} (2)]
  2441 | D:2      | Found Guluph's Antique Armour Shop.
  2787 | D:2      | Found a runed translucent door.
  2788 | D:2      | Noticed Crazy Yiuf
  3101 | D:2      | Slain by Terence

Illustrated notes

Levels and vault maps discovered:
D:1:      psy_arrival_terrarium, layout_basic, corner_web_ring, minivault_26,
          reono_crystal_passage
D:2:      layout_loops_ring, serial_shops, shop_fountains, nicolae_wormholes,
          uniq_terence, uniq_crazy_yiuf_cottage

Skill      XL: |  1  2  3 |
---------------+----------+-----
Spellcasting   | 5 |  5.4
Armour         | 1 |  1.0
Fighting       | 1 |  1.0
Conjurations   | 2 |  2.0
Dodging        | |  2.6
Stealth        | |  2.5
Summonings     | |  1.1
Translocations | |  1.1

Action                     || total
---------------------------++-------
  Melee: Dagger            ||    31
         Hand axe          ||    15
   Cast: Magic Dart        ||   129
         Call Imp          ||     5
         Mephitic Cloud    ||     4
         Blink             ||     1
  Evoke: Wand              ||     1
   Stab: Sleeping          ||     1
 Armour: Robe              ||    17
  Dodge: Dodged            ||    68

Table legend: (Time is in decaauts)
 A = Elapsed time spent in this place.
 B = Non-inter-level travel time spent in this place.
 C = Inter-level travel time spent in this place.
 D = Time resting spent in this place.
 E = Time spent auto-exploring this place.
 F = Levels seen in this place.
 G = Mean time per level.
                   A        B        C        D        E       F      G
               +--------+--------+--------+--------+--------+-----+--------+
         Total |   3106 |   2904 |    202 |     47 |   2291 |   2 | 1553.0 |
       Dungeon |   3106 |   2904 |    202 |     47 |   2291 |   2 | 1553.0 |
               +--------+--------+--------+--------+--------+-----+--------+

Top non-repeatable levels by time:
     D:1: 1619 daAuts
     D:2: 1487 daAuts
